 Dungeon Crawl Stone Soup version 0.27.0-1-g7a089689b8 (webtiles) character file.

Game seed: 13409669360085037934

270 SnakkuSnakku7 the Skirmisher (level 6, -2/34 HPs)
             Began as a Vine Stalker Berserker on Aug 11, 2021.
             Was a Priest of Trog.
             Succumbed to a gnoll's poison
             ... on level 4 of the Dungeon.
             The game lasted 00:02:23 (2771 turns).

SnakkuSnakku7 the Skirmisher (VSBe)                 Turns: 2771, Time: 00:02:24

Health: -2/34      AC:  9    Str: 22    XL:     6   Next: 22%
Magic:  6/7        EV:  8    Int:  7    God:    Trog [***...]
Gold:   37         SH:  0    Dex: 13    Spells: 5/5 levels left

rFire    . . .     SeeInvis .   a - +0 hand axe
rCold    . . .     Faith    .   (no shield)
rNeg     . . .     Spirit   +   q - +0 chain mail
rPois    .         Reflect  .   (no helmet)
rElec    .         Harm     .   (no cloak)
rCorr    .         Rampage  .   c - +0 pair of gloves
Will     ++...                  (no boots)
Stlth    ..........             j - amulet of magic regeneration
HPRegen  2.11/turn              n - ring of flight
MPRegen  0.35/turn              (no ring)

@: brilliant, lethally poisoned (-2 -> -12), strong-willed, on berserk cooldown,
flying, regenerating
A: fangs 2, regeneration 1, magic shield, antimagic bite, no potion heal 2
a: Renounce Religion, Berserk, Trog's Hand


You were on level 4 of the Dungeon.
You worshipped Trog.
Trog was most pleased with you.
You visited 1 branch of the dungeon, and saw 4 of its levels.

You collected 37 gold pieces.

Inventory:

Hand Weapons
 a - a +0 hand axe (weapon)
Armour
 b - a +0 animal skin
 c - a +0 pair of gloves (worn)
 e - a +0 ring mail
 q - a +0 chain mail (worn)
Jewellery
 j - an amulet of magic regeneration (around neck)
 n - a ring of flight (left hand)
Scrolls
 f - a scroll of immolation {unknown}
 g - a scroll of enchant weapon {unknown}
 h - a scroll of magic mapping {unknown}
 i - 5 scrolls of identify {unknown}
 l - a scroll of fear {unknown}
 m - a scroll of silence {unknown}
 o - a scroll of torment {unknown}
Potions
 d - a potion of degeneration {unknown}
 k - a potion of brilliance
 p - 2 potions of curing {unknown}


   Skills:
 + Level 4.7 Fighting
 + Level 4.7 Axes
 - Level 1.5 Armour
 - Level 1.5 Dodging


You had 5 spell levels left.
You didn't know any spells.
Your spell library was empty.

Dungeon Overview and Level Annotations

Branches:
Dungeon (4/15)             Temple (0/1) D:4

Altars:


Innate Abilities, Weirdness & Mutations

You have extremely sharp teeth.
Your natural rate of healing is unusually fast.
When hurt, damage is shared between your health and your magic reserves.
Your bite disrupts and absorbs the magic of your enemies.
Potions cannot restore your health.


Message History

The gnoll hits you but does no damage.
The gnoll hits you with a +0 whip of electrocution.
You hit the gnoll. You bite the gnoll.
You kill the gnoll!
Trog accepts your kill.
You feel yourself speed up.
The gnoll hits you with a +0 flail of venom.
You closely miss the gnoll.
The gnoll hits you with a +0 flail of venom.
You are poisoned.
You hit the gnoll. You bite the gnoll, but do no damage.
The gnoll is moderately wounded.
You feel sick. The gnoll closely misses you.
You hit the gnoll but do no damage.
The gnoll is moderately wounded.
You feel sick.
The gnoll hits you with a +0 flail of venom.
You are more poisoned.
You hit the gnoll but do no damage. You bite the gnoll. You drain its power.
You feel invigorated.
The gnoll is heavily wounded.
You feel very sick. The gnoll hits you but does no damage.
You are more poisoned.
You barely miss the gnoll. Your bite misses the gnoll.
The gnoll is heavily wounded.
You feel very sick. The gnoll hits you but does no damage.
You are lethally poisoned!
Your skin crawls.
You feel strong-willed.
You feel very sick.
The gnoll hits you with a +0 flail of venom.
* * * LOW HITPOINT WARNING * * *
You are lethally poisoned!
* * * LOW HITPOINT WARNING * * *
You feel extremely sick.
It was a potion of brilliance.
You feel clever all of a sudden.
You die...

#....#.# ##.#....#
#.....#.# #.#.#...#
........##
.#.#.#..(###
.......#...#
.#.>.#...#.# .
.......#..@####....
.#.#.#.....gh.Z....
...........####.?..
#.#.#......# .
.........#
.#.......#
.........#
.........#
#########


You could see a hound, a gnoll and an adder skeleton.

Vanquished Creatures
  An ogre (D:2)
  Jessica (D:3)
  An iguana (D:4)
  An orc wizard (D:3)
  3 gnolls (D:4)
  A worm (D:2)
  A dart slug (D:2)
  2 orcs (D:3)
  4 ball pythons
  7 bats
  3 endoplasms
  3 giant cockroaches
  12 goblins
  6 hobgoblins
  11 jackals
  A quokka (D:3)
  A frilled lizard (D:2)
  3 kobolds
  11 rats
73 creatures vanquished.

Notes
Turn   | Place    | Note
-------+----------+-------------------------------------------
     0 | D:1      | SnakkuSnakku7 the Vine Stalker Berserker began the quest
                  | for the Orb.
     0 | D:1      | Reached XP level 1. HP: 11/11 MP: 2/2
   244 | D:1      | Reached XP level 2. HP: 13/16 MP: 3/3
   415 | D:1      | Reached XP level 3. HP: 12/20 MP: 4/4
  1071 | D:2      | Reached ** piety under Trog
  1581 | D:2      | Noticed an ogre
  1585 | D:2      | Killed an ogre
  1586 | D:2      | Gained mutation: Your natural rate of healing is unusually
                  | fast. [Vine Stalker growth]
  1586 | D:2      | Reached XP level 4. HP: 25/25 MP: 5/5
  1586 | D:2      | Reached XP level 5. HP: 29/29 MP: 6/6
  2140 | D:3      | Noticed Jessica
  2149 | D:3      | Killed Jessica
  2482 | D:3      | Found a faded altar of an unknown god.
  2731 | D:4      | Found a staircase to the Ecumenical Temple.
  2736 | D:4      | Reached XP level 6. HP: 34/34 MP: 7/7
  2753 | D:4      | Reached *** piety under Trog
  2771 | D:4      | Succumbed to a gnoll's poison

Illustrated notes

Levels and vault maps discovered:
D:1:      dpeg_arrival_court, layout_loops_corners, st_stairs_4,
          minmay_pentomino_x4
D:2:      layout_loops_corners, kennysheep_generic_room_14
D:3:      layout_loops_ring, chequers_ecumenical_altar_grove, uniq_jessica
D:4:      black_bear_nest_1, layout_basic, minmay_temple_entry_sparse_star,
          uniq_eustachio

Skill      XL: |  1  2  3 |
---------------+----------+-----
Fighting       | 3 4 |  4.7
Axes           | 3 4 |  4.7
Armour         | |  1.5
Dodging        | |  1.5

Action                   |  1- 3 |  4- 6 || total
-------------------------+-------+-------++-------
Melee: Hand axe          |    90 |    84 ||   174
       Bite              |    21 |    34 ||    55
Invok: Berserk           |     3 |     2 ||     5
       Trog's Hand       |       |     1 ||     1
  Use: Potion            |       |     1 ||     1
 Stab: Sleeping          |     1 |       ||     1
Armor: Animal skin       |     3 |       ||     3
       Ring mail         |    32 |    28 ||    60
       Chain mail        |       |    15 ||    15
Dodge: Dodged            |    51 |    51 ||   102
